[Event "*** Titled Tuesday Blitz"]
[Site "Chess.com"]
[Date "2021.02.09"]
[Round "7"]
[White "capatl"]
[Black "Astaneh"]
[Result "1/2-1/2"]
[WhiteElo "2510"]
[BlackElo "2651"]
[TimeControl "180+1"]
[EndTime "11:19:03 PST"]
[Termination "Game drawn - insufficient material"]

1. Nf3 Nf6 2. d4 e6 3. e3 b6 4. Be2 Bb7 5. O-O Be7 6. b3 O-O 7. Bb2 d6 8. Nbd2 Nbd7 9. c4 Ne4 10. Nxe4 Bxe4 11. Nd2 Bb7 12. Bf3 d5 13. Rc1 c5 14.
cxd5 exd5 15. dxc5 bxc5 16. Nb1 Nb6 17. Nc3 Qd7 18.
Qd2 Rad8 19. Rfd1 d4 20. Ne4 Bxe4 21. Bxe4 dxe3 22. Qxd7 exf2+ 23. Kxf2 Rxd7 24. Rxd7 Nxd7 25. Ba3 Bf6 26. Bf5 Bd4+ 27. Kf1 Rd8 28. Bxd7 Rxd7 29. Bxc5 Rc7 30. Ba3 Rxc1+ 31. Bxc1 f5 32. Ke2 Kf7 33. Kd3 Bg1 34. h3 Ke6 35. Be3 Bxe3 36. Kxe3 Ke5 37. b4 g5 38. a4 Kd5 39. Kd3 h5 40. Kc3 f4 41. Kd3 g4 42. h4 Ke5 43. b5 Kd5 44. a5 Kc5 45. b6 axb6 46. axb6 Kxb6 47. Ke4 f3 48. gxf3 gxf3 49. Kxf3 Kc5 50. Kf4 Kd6 51. Kg5 Ke7 52. Kxh5 Kf7 53. Kh6 Kg8 54. Kg6 Kh8 55. h5 Kg8 56. h6 Kh8 57. Kg5 Kg8 58. Kf4 Kh8 59. Ke3 Kg8 60. Kd2 Kh8 61. Kc2 Kg8 62.
Kb2 Kh8 63. Kc3 Kh7 64. Kb4 Kxh6 1/2-1/2

[Event "*** Titled Tuesday Blitz"]
[Site "Chess.com"]
[Date "2021.02.09"]
[Round "7"]
[White "Vincent_Vega95"]
[Black "eljanov"]
[Result "1/2-1/2"]
[WhiteElo "2727"]
[BlackElo "2905"]
[TimeControl "180+1"]
[EndTime "11:19:04 PST"]
[Termination "Game drawn by repetition"]

1. d4 Nf6 2. c4 e6 3. Nc3 Bb4 4. e3 O-O 5. Ne2 Re8 6. a3 Bf8 7. g3 d5 8. cxd5 exd5 9. Bg2 c6 10. O-O a5 11. b3 Na6 12. Kh1 h5 13. f3 c5 14. dxc5 Nxc5 15. Nd4 Ra6 16. Rb1 g6 17.
Nce2 h4 18. g4 Bg7 19. Nf4 Ne6 20. Ndxe6 Bxe6 21. Bb2 g5 22. Ne2 Nd7 23. Bxg7 Kxg7 24. f4 Bxg4 25. Qd4+ Qf6 26. fxg5 Qxd4 27. Nxd4 Rxe3 28.
Bxd5 Ne5 29. Rbe1 Rxe1 30. Rxe1 f6 31. gxf6+ Kxf6 32. Bxb7 Rd6 33. Rf1+ Kg5 34. Nf3+ Nxf3 35. Bxf3 Rf6 36. Kg2 Be6 37. Re1 Bxb3 38. Re5+ Rf5 39.
Rxf5+ Kxf5 40. Bc6 Kf4 41. Kh3 Kg5 42. Kg2 Bd1 43. Bd7 Kf4 44. Kh3 Kg5 45. Kg2 Bh5 46.
Kf2 Kf4 47. Kg2 Bg4 48. Bxg4 Kxg4 49. a4 h3+ 50. Kf2 Kf4 51. Ke2 Ke4 52. Kf2 Kf4 53.
Ke2 Ke4 54. Kf2 Kf4 1/2-1/2

[Event "*** Titled Tuesday Blitz"]
[Site "Chess.com"]
[Date "2021.02.09"]
[Round "7"]
[White "lelajavakhishvili"]
[Black "ChelsieMonica"]
[Result "1-0"]
[WhiteElo "2485"]
[BlackElo "2343"]
[TimeControl "180+1"]
[EndTime "11:19:04 PST"]
[Termination "lelajavakhishvili won by resignation"]

1. Nf3 Nf6 2. b3 d5 3. Bb2 e6 4.
g3 Be7 5. Bg2 O-O 6. O-O c5 7. c4 d4 8. e3 Nc6 9. exd4 cxd4 10.
Re1 a5 11. d3 Qb6 12. Ne5 Rd8 13. Na3 Bb4 14. Re2 Qc5 15. Nxc6 bxc6 16. Nc2 Qb6 17.
a3 Bc5 18. b4 axb4 19. axb4 Rxa1 20. Qxa1 Bxb4 21. Bxd4 c5 22. Bxf6 gxf6 23. Qxf6 Rxd3 24. Be4 Rd1+ 25. Kg2 Qd8 26. Qh6 f5 27. Bf3 Qf8 28. Qf4 Rd6 29. Nxb4 cxb4 30. c5 Rd3 31. Qxb4 Kg7 32.
Qc4 Qd8 33. c6 Qd6 34. Qf4 Qd8 35. Qe5+ Kg6 36. h4 h5 37. Re3 Rd4 38. c7 Qd7 39.
Qh8 Rg4 40. Bxg4 fxg4 41. Qe5 Bb7+ 42. Kh2 Bd5 43. Qg5+ Kf7 44. Qxh5+ Kg7 45. Qxg4+ Kh8 46. Qh5+ Kg7 47. Qg5+ Kh7 48. Qe5 Qc6 49. Rc3 Qb6 50.
Qf4 Qb1 51. Rf3 Qc1 52. Qxc1 1-0

[Event "*** Titled Tuesday Blitz"]
[Site "Chess.com"]
[Date "2021.02.09"]
[Round "7"]
[White "Jospem"]
[Black "Reader777"]
[Result "0-1"]
[WhiteElo "3030"]
[BlackElo "2820"]
[TimeControl "180+1"]
[EndTime "11:19:05 PST"]
[Termination "Reader777 won by checkmate"]

1. e4 c5 2. Nf3 d6 3. c3 Nf6 4. h3 g6 5. Bd3 Bg7 6. Bc2 O-O 7. d4 Nc6 8. d5 Ne5 9. Nxe5 dxe5 10.
O-O b6 11. a4 Ne8 12. Na3 Nd6 13.
f4 e6 14. dxe6 Bxe6 15. f5 Bc8 16. Qf3 gxf5 17. exf5 Bb7 18. Qg4 Kh8 19. f6 Bxf6 20. Qh5 e4 21. Bf4 Qe7 22. Rae1 Rg8 23. Bxd6 Qxd6 24.
Rxe4 Rxg2+ 25. Kxg2 Rg8+ 26. Kf3 Qh2 27. Rf2 Qh1+ 28. Ke2 Bxe4 29. Qxf7 Bg7 30. Bb3 Rf8 31. Qxf8+ Bxf8 32. Rxf8+ Kg7 33. Rf7+ Kg6 34. Rf2 Qc1 35. Nc4 a6 36. Ne5+ Kg5 37. Nf7+ Kh4 38. Be6 Qxb2+ 39. Ke3 Qxc3+ 40. Kxe4 Qd4+ 41. Kf3 Qf6+ 42. Kg2 Qxe6 43. Rf4+ Kh5 44. Kg3 Kg6 45. Nd8 Qe3+ 46. Kg4 h5+ 47. Kh4 Qxf4# 0-1

[Event "*** Titled Tuesday Blitz"]
[Site "Chess.com"]
[Date "2021.02.09"]
[Round "7"]
[White "Fortitudine"]
[Black "Grimlock_Glasgow"]
[Result "1-0"]
[WhiteElo "2341"]
[BlackElo "2463"]
[TimeControl "180+1"]
[EndTime "11:19:06 PST"]
[Termination "Fortitudine won on time"]

1. c4 e6 2. Nf3 d5 3. g3 f5 4.
Bg2 Nf6 5. O-O Bd6 6. b3 O-O 7. Ba3 Bxa3 8. Nxa3 Nc6 9. d3 d4 10. e3 dxe3 11. fxe3 e5 12. d4 e4 13. Nd2 h5 14.
Nb5 Ng4 15. Qe2 Nb4 16. d5 c6 17. dxc6 bxc6 18. Nd4 c5 19. Nb5 Qd3 20. Qxd3 Nxd3 21.
Nxe4 Nxe3 22. Ned6 Nxg2 23. Kxg2 Bd7 24. Rad1 Ne5 25.
Nc7 Rad8 26. Nd5 Bc6 27. Nxf5 Rfe8 28. Rfe1 g6 29. Nh4 Kg7 30. Kg1 Ng4 31. Rxe8 Rxe8 32. Nf3 Re2 33. Ng5 Bxd5 34. cxd5 Ne3 35. Rc1 Kf6 36. Ne4+ Ke5 37. Nc3 Rg2+ 38. Kh1 Rd2 39. Re1 Kd4 40. Nb5+ Kd3 41. d6 Ng4 42. d7 Kc2 43.
d8=Q Rxd8 44. Na3+ Kd2 45. Rg1 Rf8 46. Nc4+ Kc3 47. Kg2 1-0

[Event "*** Titled Tuesday Blitz"]
[Site "Chess.com"]
[Date "2021.02.09"]
[Round "7"]
[White "Piotrek1979"]
[Black "vladimirdamjanovic"]
[Result "0-1"]
[WhiteElo "2381"]
[BlackElo "2514"]
[TimeControl "180+1"]
[EndTime "11:19:08 PST"]
[Termination "vladimirdamjanovic won by resignation"]

1. e4 Nc6 2. Nf3 g6 3. d4 Bg7 4. d5 Nb8 5. c4 d6 6. Be2 Nf6 7.
Nc3 O-O 8. O-O a5 9. h3 Na6 10. Be3 Nd7 11. Nd2 Ndc5 12. Rb1 e5 13. a3 f5 14. f3 Qh4 15. b4 Nd7 16. Qe1 Qe7 17. Nb5 Bf6 18. c5 dxc5 19. bxc5 Ndxc5 20. d6 cxd6 21. Nc4 fxe4 22. Ncxd6 Be6 23. fxe4 Rad8 24. Qc3 Rxd6 25.
Nxd6 Qxd6 26. Rfd1 Qe7 27. Rb6 Nxe4 28. Qxa5 Nac5 29.
Rc1 Bg5 30. Bxc5 Nxc5 31. Rxc5 Be3+ 32. Kh2 Bxc5 33. Rxe6 Qxe6 34. Qxc5 Qf6 35. Bc4+ Kg7 36. Bd5 Qf4+ 37. g3 Qf2+ 38. Qxf2 Rxf2+ 39. Kg1 Rb2 40. a4 b6 41. Bc6 h6 42. h4 g5 43. h5 Kf6 44. g4 Ke7 45. Be4 Kd6 46. Bf5 Kc5 47.
Kf1 Kd4 48. Ke1 Ke3 49. Kd1 Ra2 50. Kc1 Rxa4 51. Kb2 Rc4 52. Kb3 Rc5 53. Kb4 Kf4 54. Be6 e4 0-1

[Event "*** Titled Tuesday Blitz"]
[Site "Chess.com"]
[Date "2021.02.09"]
[Round "7"]
[White "DonPreuss"]
[Black "boasovietica"]
[Result "1-0"]
[WhiteElo "2257"]
[BlackElo "2447"]
[TimeControl "180+1"]
[EndTime "11:19:08 PST"]
[Termination "DonPreuss won on time"]

1. d4 Nf6 2. Nc3 d5 3. e4 dxe4 4. f3 exf3 5. Nxf3 g6 6. Bd3 Bg7 7. O-O O-O 8. Qe1 Nc6 9. Qh4 Bg4 10. Ne2 Bxf3 11. Rxf3 Nd5 12. c3 e5 13. Bg5 f6 14. Bh6 exd4 15. cxd4 Bxh6 16. Qxh6 Rf7 17. Bc4 Nce7 18. Raf1 Qf8 19. Qh3 c6 20. Nf4 Nxf4 21. Bxf7+ Qxf7 22. Rxf4 Nd5 23. R4f3 Re8 24. Qg3 Qe7 25.
h3 Qb4 26. Rd3 Qxb2 27. Qd6 Re2 28. Rg3 Qxd4+ 29. Kh1 Qe5 30. Qd8+ Qe8 31. Qd6 Qe7 32. Qb8+ Kg7 33. Rb3 Re6 34. Rxb7 Kh6 35. Rxe7 Nxe7 36. Qf4+ g5 37. Qc7 Kg6 38. Qxa7 Nf5 39. Rxf5 Kxf5 40.
Qxh7+ Kf4 41. Qd3 Re3 42. Qd6+ Kf5 43. Qxc6 g4 44. hxg4+ Kxg4 45. Kh2 Re5 46. a4 Rh5+ 47. Kg1 Kg3 48. Qf3+ Kh4 49. Qxh5+ Kxh5 50. a5 1-0

[Event "*** Titled Tuesday Blitz"]
[Site "Chess.com"]
[Date "2021.02.09"]
[Round "7"]
[White "K_A_S_T_O_R"]
[Black "TST2014"]
[Result "0-1"]
[WhiteElo "2785"]
[BlackElo "2585"]
[TimeControl "180+1"]
[EndTime "11:19:09 PST"]
[Termination "TST2014 won by resignation"]

1. e4 c5 2. Nf3 d6 3. d4 cxd4 4. Nxd4 Nf6 5. Nc3 Nc6 6. Bg5 e6 7. Qd2 a6 8. O-O-O Bd7 9. f4 h6 10. Bh4 Nxe4 11. Qe1 Nf6 12. Nf5 Qa5 13. Nxd6+ Bxd6 14. Rxd6 Qc7 15. Rd2 O-O-O 16. Bxf6 gxf6 17. Qh4 f5 18. Be2 Nb8 19. Rhd1 Bc6 20. Bh5 Rxd2 21. Rxd2 Rd8 22.
Re2 Rd4 23. g3 b5 24. Qf6 Rd7 25. a3 a5 26. b3 b4 27. axb4 axb4 28. Na2 Qa5 29. Qb2 Na6 30. Re1 Nc5 31. Re5 Bd5 32.
Kb1 Ra7 33. Be2 Ne4 34. Rxe4 Bxe4 35. Bc4 Rd7 36. Qc1 Qc5 37. Qe1 Bf3 38. Bd3 Rd4 39. Nc1 Be4 40. Kb2 h5 41. Ne2 Bxd3 42. cxd3 Rxd3 43. Nc1 Re3 44. Qd1 Rf3 45. Nd3 Qd4+ 46. Kc2 Re3 47. Qd2 Qe4 48. Qd1 f6 49. h3 Re2+ 50.
Kb1 Re3 51. Qc2+ Kb8 52. Nc1 Qxc2+ 53. Kxc2 Rxg3 0-1

[Event "*** Titled Tuesday Blitz"]
[Site "Chess.com"]
[Date "2021.02.09"]
[Round "7"]
[White "Meri-Arabidze"]
[Black "MFguimaraes"]
[Result "1-0"]
[WhiteElo "2602"]
[BlackElo "2418"]
[TimeControl "180+1"]
[EndTime "11:19:09 PST"]
[Termination "Meri-Arabidze won by resignation"]

1. d4 f5 2. Nf3 Nf6 3. g3 e6 4.
Bg2 Be7 5. O-O O-O 6. Nc3 d5 7.
e3 c5 8. Ne2 Ne4 9. c4 Nc6 10.
cxd5 exd5 11. b3 Be6 12. Bb2 c4 13. Nf4 Bf7 14. bxc4 dxc4 15. Rc1 b5 16. a3 Na5 17. Ne5 Nb3 18. Rc2 Rc8 19. Nxf7 Rxf7 20. d5 c3 21.
Bxe4 fxe4 22. Rxc3 Rxc3 23. Bxc3 Nc5 24. Qd4 Na4 25.
Bb4 Bxb4 26. axb4 Re7 27. h4 Qd6 28. Rc1 Nb6 29. Rc6 Qe5 30. Qc5 Nc4 31. Ne6 Kf7 32. Ng5+ Kg8 33. Rc8+ Re8 34. Ne6 Rxc8 35. Qxc8+ Kf7 36.
Qf8+ Kg6 37. Nf4+ Kh6 38. Qd8 Nd2 39. Kg2 Nf3 40. d6 g5 41. Qf8+ Qg7 42. Qxg7+ Kxg7 43. d7 gxh4 44. d8=Q h3+ 45. Nxh3 Ne5 46. Qe7+ Nf7 47. Qxa7 Kg6 48. Nf4+ Kf6 49. Nd5+ Ke5 50. Nc3 h5 51.
Qxf7 h4 52. Qh5+ Kf6 53. Qxh4+ Kf5 54. Qxe4+ Kg5 55. Nxb5 1-0

[Event "*** Titled Tuesday Blitz"]
[Site "Chess.com"]
[Date "2021.02.09"]
[Round "7"]
[White "kuban1991"]
[Black "EugeneRougon"]
[Result "1-0"]
[WhiteElo "2895"]
[BlackElo "2708"]
[TimeControl "180+1"]
[EndTime "11:19:11 PST"]
[Termination "kuban1991 won by resignation"]

1. Nf3 d5 2. g3 c6 3. Bg2 Bg4 4. Ne5 Bh5 5. d4 Nd7 6. O-O Ngf6 7. c4 e6 8. Nc3 Be7 9. Qb3 Qb6 10. Nxd7 Nxd7 11. e4 dxe4 12. Nxe4 O-O 13. Be3 Bg6 14. h3 Rfd8 15. Rfc1 Bxe4 16. Bxe4 Bf6 17. Rd1 g6 18. Kg2 Bg7 19. Bf3 h5 20. Qc2 Qc7 21. Rac1 Rac8 22.
b4 e5 23. d5 cxd5 24. Rxd5 Nb6 25. Rxd8+ Rxd8 26. a4 f5 27. a5 Nc8 28. Bd5+ Kh7 29. Qb3 b6 30. axb6 axb6 31. c5 b5 32. Bg5 Ne7 33.
Rd1 Rf8 34. Be6 Bf6 35. h4 Bxg5 36. hxg5 Rd8 37. Rxd8 Qxd8 38. Qa2 Nc6 39. Qa6 Nd4 40. Qb7+ Kh8 41. Qf7 Nxe6 42. Qxe6 Qxg5 43. c6 Qg4 44. Qxe5+ Kh7 45. Qe7+ Kh6 46. c7 Qc4 47. Qc5 Qe4+ 48. Kh2 h4 49. c8=Q hxg3+ 50. fxg3 Qe2+ 51. Kh1 Qe1+ 52. Qg1 Qe4+ 53. Kh2 Qe2+ 54. Qg2 1-0

[Event "*** Titled Tuesday Blitz"]
[Site "Chess.com"]
[Date "2021.02.09"]
[Round "7"]
[White "Michaelson_11"]
[Black "Rytenko_V"]
[Result "1-0"]
[WhiteElo "2286"]
[BlackElo "2413"]
[TimeControl "180+1"]
[EndTime "11:19:11 PST"]
[Termination "Michaelson_11 won by checkmate"]

1. e4 e6 2. d4 d5 3. Nc3 Bb4 4. e5 Ne7 5. a3 Bxc3+ 6. bxc3 b6 7. Qg4 O-O 8. Bd3 Ba6 9. Bh6 Ng6 10. Bg5 Qd7 11. h4 Bxd3 12. cxd3 h6 13. Be3 Kh7 14. Nf3 c5 15. Rh3 f5 16. Qh5 Qe8 17. Rg3 Nh8 18. Ng5+ Kg8 19. Qxe8 Rxe8 20. Nh3 Kh7 21. Nf4 Nc6 22. dxc5 bxc5 23. d4 cxd4 24. cxd4 Rac8 25. h5 Nf7 26. Kf1 Na5 27. Kg1 Ng5 28.
Rb1 Rc7 29. Rb5 Nc4 30. Nh3 Rec8 31. Nxg5+ hxg5 32. Bxg5 Nxa3 33. Rxa3 Rc1+ 34. Bxc1 Rxc1+ 35. Kh2 Rc7 36. Rba5 Kh6 37. Rxa7 Rc4 38. Rd7 Rxd4 39. Raa7 Kg5 40. Rxg7+ Kf4 41. Rg3 Kxe5 42. h6 Rh4+ 43. Rh3 Rxh6 44. Rxh6 d4 45. Re7 Kf4 46. Rhxe6 d3 47.
Rd6 d2 48. Rxd2 Kg4 49. g3 Kf3 50. Re4 f4 51. Rxf4# 1-0

[Event "*** Titled Tuesday Blitz"]
[Site "Chess.com"]
[Date "2021.02.09"]
[Round "7"]
[White "MergenKakabaev"]
[Black "MaevskiyNikolay"]
[Result "1-0"]
[WhiteElo "2409"]
[BlackElo "2521"]
[TimeControl "180+1"]
[EndTime "11:19:12 PST"]
[Termination "MergenKakabaev won on time"]

1. e4 c5 2. Nf3 Nf6 3. e5 Nd5 4. Nc3 Nxc3 5. bxc3 Nc6 6. d4 d5 7. Bb5 Bg4 8. h3 Bh5 9. g4 Bg6 10. Be3 e6 11. Bxc6+ bxc6 12. dxc5 h5 13. g5 Qa5 14.
O-O Bxc5 15. Bxc5 Qxc5 16. Qd4 Qa5 17. Nd2 Bxc2 18. Rfc1 Bf5 19. Nb3 Qa3 20. h4 O-O 21. Qb4 Qa6 22. Nc5 Qe2 23. Re1 Qf3 24. Re3 Qg4+ 25. Rg3 Qxb4 26. cxb4 Rfb8 27. Rb3 a5 28. bxa5 Rb5 29. Rxb5 cxb5 30. a6 Kf8 31. Rd1 Ke7 32. Rd4 Bg4 33. Kf1 Rc8 34. Nb3 Rc6 35. a4 Rxa6 36.
axb5 Rb6 37. Rb4 Bf5 38. Nd4 Bd3+ 39. Ke1 Bc4 40. Kd2 Kd7 41. Ra4 Rb7 42. Ra5 Kc7 43. Kc3 Kb6 44. Kb4 Kc7 45. Kc5 Bd3 46. Ra6 Be2 47.
b6+ Kd7 48. Ra7 Kc8 49. Kc6 Rxa7 50. bxa7 1-0

[Event "*** Titled Tuesday Blitz"]
[Site "Chess.com"]
[Date "2021.02.09"]
[Round "7"]
[White "Alonmindlin"]
[Black "karinachess1"]
[Result "0-1"]
[WhiteElo "2671"]
[BlackElo "2531"]
[TimeControl "180+1"]
[EndTime "11:19:14 PST"]
[Termination "karinachess1 won by resignation"]

1. d4 Nf6 2. c4 e6 3. Nc3 d5 4. Nf3 Bb4 5. e3 O-O 6. Bd3 c5 7. O-O Nc6 8. a3 Ba5 9. Rb1 cxd4 10. exd4 dxc4 11. Bxc4 h6 12. Be3 Bc7 13. Re1 a6 14.
Rc1 b5 15. Ba2 Bb7 16. h3 Ne7 17. Bb1 Rc8 18. Ne5 Ned5 19. Ng4 Nxe3 20. fxe3 Nxg4 21.
Qxg4 Qd6 22. d5 exd5 23. Ne2 Bb6 24. Nd4 Rxc1 25. Rxc1 Qe5 26. Rc3 Re8 27. Kf2 Qf6+ 28. Kg1 g6 29. Kh2 h5 30. Qf3 Qxf3 31. gxf3 Kg7 32. Kg3 Re7 33. Kf2 h4 34. b4 Rc7 35. Rxc7 Bxc7 36. Nb3 Bc8 37. Kg2 Kf6 38. Nc5 Ke5 39. Ba2 Kd6 40. f4 f6 41. Bb1 g5 42. Ba2 Bb6 43. fxg5 fxg5 44. e4 Bxc5 45.
bxc5+ Kxc5 46. Bxd5 a5 47. Ba2 b4 48. axb4+ axb4 49. e5 Bb7+ 50. Kf2 Bd5 51. e6 Bxa2 52. e7 Bf7 0-1

[Event "*** Titled Tuesday Blitz"]
[Site "Chess.com"]
[Date "2021.02.09"]
[Round "7"]
[White "1977Ivan"]
[Black "ehrenfeld"]
[Result "1-0"]
[WhiteElo "2682"]
[BlackElo "2513"]
[TimeControl "180+1"]
[EndTime "11:19:14 PST"]
[Termination "1977Ivan won on time"]

1. e4 e5 2. Nf3 Nc6 3. d4 exd4 4. c3 d5 5. exd5 Qxd5 6. cxd4 Bg4 7. Be2 Bb4+ 8. Nc3 Bxf3 9. Bxf3 Qc4 10. Qb3 Qxb3 11. axb3 Nge7 12. O-O Bd6 13. Be3 a6 14. Ne4 O-O-O 15.
Rfc1 Kb8 16. Ng5 Rdf8 17. g3 h6 18. Ne4 Rd8 19. Rc4 Nd5 20. Rac1 Rhe8 21. Bd2 Bb4 22. Bxb4 Ncxb4 23. Nc5 c6 24. Ra1 Ka7 25. Kg2 Re7 26. Ne4 Kb6 27. Nc3 Nxc3 28. bxc3 Nd5 29. Rc5 Nc7 30. h4 Nb5 31. Kf1 Rde8 32. g4 f6 33.
h5 Rd8 34. Kg2 Kc7 35. Kf1 Kd6 36. Be2 Nc7 37. Bc4 b6 38. Rf5 b5 39. Be2 Rde8 40.
Bf3 Ra8 41. Rc5 Nd5 42. c4 Nb4 43. cxb5 Rea7 44. bxc6 Rc7 45. Ra4 Nxc6 46. Rac4 Rac8 47. Rd5+ Ke7 48. Ke2 Nd8 49. Rdc5 Rxc5 50. dxc5 Ne6 51. b4 a5 52. bxa5 Rxc5 53. Rxc5 Nxc5 54. Ke3 Kd6 55.
Be2 Ke5 56. a6 1-0

[Event "*** Titled Tuesday Blitz"]
[Site "Chess.com"]
[Date "2021.02.09"]
[Round "7"]
[White "GMJustin"]
[Black "mjray79"]
[Result "1-0"]
[WhiteElo "2291"]
[BlackElo "2475"]
[TimeControl "180+1"]
[EndTime "11:19:14 PST"]
[Termination "GMJustin won by checkmate"]

1. d4 Nf6 2. c4 g6 3. Nc3 Bg7 4. e4 d6 5. f4 O-O 6. Nf3 c5 7. d5 e6 8. dxe6 Bxe6 9. Bd3 Nc6 10. f5 Bd7 11. O-O a6 12. h3 Ne5 13. Nxe5 dxe5 14. g4 Bc6 15. g5 Qd4+ 16. Kh2 Nh5 17. f6 Rfd8 18. Nd5 Bxd5 19. cxd5 Bf8 20. Qe2 Nf4 21. Rxf4 exf4 22. Bxf4 Bd6 23. Bxd6 Rxd6 24. Qf3 Qxb2+ 25. Be2 Qe5+ 26. Qg3 Re8 27. Bf3 Qxa1 28. Qxd6 Qxa2+ 29. Bg2 Qd2 30. Qg3 h5 31. e5 c4 32. e6 fxe6 33. Qc7 Re7 34. Qxe7 Qf4+ 35. Kh1 Qc1+ 36. Kh2 Qf4+ 37.
Kg1 Qe3+ 38. Kf1 Qc1+ 39. Ke2 Qc2+ 40. Ke3 Qd3+ 41. Kf4 Qd4+ 42. Kf3 Qxd5+ 43. Kf2 Qd4+ 44. Kf1 Qf4+ 45. Ke2 Qe5+ 46. Kd2 Qxg5+ 47. Kc3 Qg3+ 48. Kxc4 b5+ 49. Kc5 Qa3+ 50. Kc6 Qc3+ 51. Kb6 Qd4+ 52. Kb7 Qd5+ 53. Bxd5 exd5 54. Qg7# 1-0

[Event "*** Titled Tuesday Blitz"]
[Site "Chess.com"]
[Date "2021.02.09"]
[Round "7"]
[White "Homino"]
[Black "DanilNajdin"]
[Result "0-1"]
[WhiteElo "2300"]
[BlackElo "2474"]
[TimeControl "180+1"]
[EndTime "11:19:15 PST"]
[Termination "DanilNajdin won by checkmate"]

1. e4 e5 2. Nf3 Nc6 3. Bb5 a6 4. Ba4 Nf6 5. O-O b5 6. Bb3 Bc5 7. c3 d6 8. d4 Bb6 9. a4 Rb8 10. Re1 O-O 11. Bc2 Bg4 12. d5 Ne7 13. h3 Bxf3 14.
Qxf3 Ng6 15. Bg5 h6 16. Bxf6 Qxf6 17. Qxf6 gxf6 18. axb5 axb5 19. Nd2 Kh7 20. Nf1 Nh4 21. Ng3 Rg8 22. Kf1 Rg7 23. Bd1 Rbg8 24. Bg4 Rg5 25. Nh5 Rxh5 26. Bxh5 Rxg2 27. Re2 Kg7 28. Ra8 Rh2 29. Ke1 Rxh3 30. Bg4 Rh1+ 31. Kd2 Rf1 32. Rd8 Ng6 33. Bh3 Rh1 34. Bg2 Rg1 35. Bf3 Nf4 36.
Rd7 Nxe2 37. Kxe2 Kg6 38. Rd8 Rb1 39. Rg8+ Kh7 40. Rf8 Kg7 41. Rd8 Rxb2+ 42. Kd3 Rxf2 43. Bh5 f5 44. exf5 Rxf5 45. Bg4 Rf4 46. Bd7 b4 47. cxb4 Rxb4 48. Bc6 h5 49. Ra8 h4 50. Ra2 h3 51.
Rh2 Bg1 52. Rh1 h2 53. Ke2 f5 54. Kf3 Kf6 55. Kg2 Rb2+ 56. Kf3 e4+ 57. Kf4 Rg2 58. Bb5 Rg4# 0-1

[Event "*** Titled Tuesday Blitz"]
[Site "Chess.com"]
[Date "2021.02.09"]
[Round "7"]
[White "ajedrez1101"]
[Black "Etud-otradnoe"]
[Result "1/2-1/2"]
[WhiteElo "2096"]
[BlackElo "2302"]
[TimeControl "180+1"]
[EndTime "11:19:15 PST"]
[Termination "Game drawn by repetition"]

1. b3 e5 2. Bb2 d6 3. e3 Nf6 4. d4 exd4 5. Qxd4 Nc6 6. Bb5 Bd7 7. Bxc6 Bxc6 8. Nf3 Be7 9. Nc3 Qd7 10. O-O-O Qg4 11.
Qxg4 Nxg4 12. Rd2 Bf6 13. Nd4 Bd7 14. h3 Ne5 15. Nd5 Bd8 16. Nf3 Nxf3 17. gxf3 f6 18. c4 b6 19. Rg1 Kf7 20. h4 h5 21. Rg2 a5 22. a4 Bc6 23. Rd1 Rh7 24. Rdg1 g5 25.
hxg5 fxg5 26. e4 h4 27. Kc2 Bd7 28. Bc1 h3 29. Rh2 Rh5 30. Be3 Bf6 31. Nc3 Be5 32. Rhh1 h2 33. Rg2 Rg8 34. Ne2 Rh3 35. Ng3 Rh4 36.
Rgxh2 Rxh2 37. Rxh2 g4 38. f4 Bf6 39. Nh5 Be7 40. f5 Rh8 41. Bf4 Rh7 42. Kd3 Bf8 43.
Ke2 Be7 44. Ke3 Bf8 45. Kd3 Be7 46. Ke3 Bf8 47. Rh4 Be7 48. Rh2 1/2-1/2

[Event "*** Titled Tuesday Blitz"]
[Site "Chess.com"]
[Date "2021.02.09"]
[Round "7"]
[White "Gloomy_Wanderer"]
[Black "Zhigalko_Sergei"]
[Result "1/2-1/2"]
[WhiteElo "2737"]
[BlackElo "2893"]
[TimeControl "180+1"]
[EndTime "11:19:16 PST"]
[Termination "Game drawn by repetition"]

1. Nf3 d5 2. c4 d4 3. b4 Bg4 4. Qb3 Nf6 5. g3 e6 6. Bg2 c6 7. O-O Be7 8. Bb2 Bxf3 9. Bxf3 O-O 10. d3 a5 11. b5 a4 12. Qc2 cxb5 13. cxb5 a3 14. Bc1 Qb6 15. Nd2 Nd5 16. Rb1 Nc3 17.
Rb3 Nd7 18. Nc4 Qc7 19. b6 Qb8 20. Bxa3 Bxa3 21. Rxa3 Rxa3 22. Nxa3 Nxb6 23. Qb3 Nbd5 24. Nb5 Rc8 25. Nxd4 Qa7 26. Nb5 Nxb5 27. Qxb5 Qxa2 28.
Qxb7 Rd8 29. Bxd5 Qxd5 30. Qxd5 Rxd5 31. Rc1 g6 32. Kg2 h5 33. Rc3 Re5 34. e3 Ra5 35. h3 Ra2 36. Kf3 Kg7 37. g4 hxg4+ 38. hxg4 Kf6 39. Rc5 g5 40. d4 Rb2 41. Kg3 Rb1 42.
Re5 Rg1+ 43. Kh3 Ra1 44. Kg2 Rb1 45. f3 Rd1 46. Kg3 Rg1+ 47. Kf2 Rd1 48. Rc5 Ra1 49. Rc2 Rb1 50. Rd2 Ra1 51. e4 Ra3 52. Ke2 Ke7 53. Rd3 Ra1 54. Ke3 Re1+ 55. Kf2 Ra1 56. d5 exd5 57. Rxd5 Kf6 58. Rd6+ Ke5 59. Rd5+ Kf6 60. Rd6+ Ke5 61. Rd5+ Kf6 1/2-1/2

[Event "*** Titled Tuesday Blitz"]
[Site "Chess.com"]
[Date "2021.02.09"]
[Round "7"]
[White "zimmm36"]
[Black "TeukkaSalama"]
[Result "1-0"]
[WhiteElo "2243"]
[BlackElo "2379"]
[TimeControl "180+1"]
[EndTime "11:19:16 PST"]
[Termination "zimmm36 won by resignation"]

1. d4 d6 2. c4 e5 3. Nf3 Nd7 4. e4 Ngf6 5. Nc3 Be7 6. Be2 O-O 7. O-O c6 8. Bg5 a6 9. Bxf6 Bxf6 10. dxe5 dxe5 11. b4 b5 12. cxb5 axb5 13. a4 bxa4 14. Rxa4 Rb8 15. Qc2 Nb6 16. Ra7 Be6 17. Rd1 Qc8 18.
Na4 Nxa4 19. Qxa4 Rb7 20. Ra1 Qc7 21. Qa6 Rxa7 22. Qxa7 Qd6 23. Rb1 g6 24. Qa6 Rd8 25.
h3 h5 26. Qb6 Rb8 27. Qa5 Be7 28. Qxe5 Rxb4 29. Rxb4 Qxb4 30. Nd4 Bd6 31. Qf6 Qb1+ 32. Bf1 Bc4 33. Qxd6 Qxf1+ 34. Kh2 Qxf2 35. Nxc6 Bf1 36.
Qg3 Qxg3+ 37. Kxg3 Kg7 38. Nd4 Kf6 39. Kf3 Ba6 40.
Nc2 Bc8 41. Ne3 Be6 42. Kf4 g5+ 43. Kf3 Ke5 44. Nf1 Bd7 45. Nd2 Bc6 46. Ke3 f5 47. Nf3+ Kf6 48. e5+ Kg6 49. Kd4 Bxf3 50. gxf3 g4 51.
fxg4 fxg4 52. hxg4 h4 53. Ke3 Kg5 54. Kf2 Kg6 55. Kg2 Kg5 56. Kh3 Kf4 57. e6 Kg5 58.
e7 1-0

[Event "*** Titled Tuesday Blitz"]
[Site "Chess.com"]
[Date "2021.02.09"]
[Round "7"]
[White "albi1999"]
[Black "DvaHrasta"]
[Result "1-0"]
[WhiteElo "2627"]
[BlackElo "2422"]
[TimeControl "180+1"]
[EndTime "11:19:18 PST"]
[Termination "albi1999 won on time"]

1. d4 Nf6 2. Bg5 c5 3. Nc3 cxd4 4. Qxd4 Nc6 5. Qh4 h6 6. O-O-O hxg5 7. Qxh8 d6 8. e4 Be6 9. Nf3 Qa5 10. Kb1 Rc8 11.
a3 a6 12. h4 g4 13. Ng5 b5 14.
Nxe6 fxe6 15. Bd3 b4 16. axb4 Nxb4 17. h5 e5 18. h6 gxh6 19. Rxh6 Rxc3 20. bxc3 Na2 21.
Rxf6 Nxc3+ 22. Kc1 Qa1+ 23. Kd2 Qxd1+ 24. Kxc3 exf6 25.
Qxf6 Qe1+ 26. Kc4 Qa5 27. Qe6+ Kd8 28. Qd5 Qa2+ 29. Kb4 Qxd5 30. exd5 g3 31. fxg3 Ke7 32. Bxa6 Kf6 33. Kc4 Kf5 34. Bc8+ Ke4 35. Bg4 Be7 36.
Bf3+ Ke3 37. Kb5 e4 38. Bh5 Kd4 39. c4 e3 40. Be2 Kc3 41. Kc6 Kd2 42. Bh5 e2 43.
Bxe2 Kxe2 44. g4 Kd3 45. Kd7 Bf8 46. Ke8 Bh6 47. Ke7 Bf4 48. g5 Kxc4 49. g6 Bh6 50. Kxd6 Bg7 51. Kc6 1-0

[Event "*** Titled Tuesday Blitz"]
[Site "Chess.com"]
[Date "2021.02.09"]
[Round "7"]
[White "Aygehovit1992"]
[Black "Kotofeyca"]
[Result "1/2-1/2"]
[WhiteElo "2606"]
[BlackElo "2446"]
[TimeControl "180+1"]
[EndTime "11:19:18 PST"]
[Termination "Game drawn by repetition"]

1. e4 c5 2. Be2 Nc6 3. f4 g6 4. Nf3 Bg7 5. Nc3 e6 6. d3 d5 7. O-O Nge7 8. Qe1 dxe4 9. dxe4 Nd4 10. Nxd4 cxd4 11. Nd1 Qc7 12. Bd3 O-O 13. Nf2 Nc6 14. a3 f6 15. Bd2 e5 16. f5 Ne7 17. Ng4 Bd7 18. h4 Rf7 19. Bh6 gxf5 20. exf5 Qb6 21. Bc4 Qxb2 22. Qg3 Nxf5 23. Rxf5 Bxf5 24. Bxf7+ Kxf7 25. Rf1 Bxg4 26. Bxg7 Kxg7 27. Qxg4+ Kh8 28. Rxf6 Rg8 29. Qe4 Qc1+ 30. Rf1 Qe3+ 31. Qxe3 dxe3 32.
Rf3 Rc8 33. Rxe3 Rxc2 34. Rxe5 Rc3 35. Re7 Rxa3 36. Rxb7 a5 37. Kh2 a4 38. Ra7 h6 39.
g3 Ra1 40. Kh3 a3 41. Kg4 a2 42. Ra6 Kg7 43. Ra7+ Kg6 44. h5+ Kf6 45. Ra6+ Kg7 46. Rg6+ Kh7 47. Ra6 Kg7 48. Ra8 Kf7 49. Ra7+ Kf6 50.
Ra6+ Kg7 1/2-1/2